[Event "Late-Titled-Tuesday-Blitz-July-09-2024"]
[Site "Chess.com"]
[Date "2024.07.09"]
[Round "11"]
[White "ninguno46"]
[Black "PhileKhoob"]
[Result "1-0"]
[WhiteElo "2566"]
[BlackElo "2393"]
[TimeControl "180+1"]
[EndTime "16:04:59 PDT"]
[Termination "ninguno46 won on time"]

1. Nf3 Nf6 2. c4 c6 3. e3 d5 4. Nc3 e6 5. b3 Nbd7 6. Bb2 Be7 7. Qc2 O-O 8. g4 Nxg4 9. Rg1 f5 10. Be2 Nc5 11.
h3 Nf6 12. O-O-O dxc4 13. Bxc4 b5 14. Be2 Bd7 15. Rg2 b4 16. Na4 Nxa4 17. bxa4 Rf7 18. Ne5 Rf8 19. Rdg1 g6 20. Bc4 Nd5 21. e4 fxe4 22.
Qxe4 Rf5 23. Ng4 Bf8 24. Bxd5 cxd5 25. Qd4 Rc8+ 26. Kb1 e5 27. Qxd5+ Kg7 28. Bxe5+ Rxe5 29. Qxe5+ Kf7 30. Qf4+ Kg8 31. Nf6+ Kh8 32. Rxg6 hxg6 33. Rxg6 Rc1+ 34. Kxc1 Qc8+ 35. Kd1 1-0

[Event "Late-Titled-Tuesday-Blitz-July-09-2024"]
[Site "Chess.com"]
[Date "2024.07.09"]
[Round "11"]
[White "protectiago"]
[Black "Os55555"]
[Result "1-0"]
[WhiteElo "2179"]
[BlackElo "2275"]
[TimeControl "180+1"]
[EndTime "16:04:59 PDT"]
[Termination "protectiago won by checkmate"]

1. d4 Nf6 2. c4 e6 3. g3 d5 4. Nf3 Be7 5. Bg2 O-O 6. O-O a5 7. Nc3 c6 8. Qc2 b6 9. e4 Ba6 10. e5 Nfd7 11. b3 dxc4 12. bxc4 Bxc4 13. Rd1 h6 14. g4 Na6 15. Ne4 Bd5 16. a3 a4 17. g5 Bb3 18. Qe2 Bxd1 19. Qxd1 hxg5 20. Nfxg5 g6 21. Qg4 Kg7 22. Qh3 Rh8 23. Qf3 Qe8 24. Be3 Nc7 25. Rc1 c5 26. Nd6 Bxd6 27. exd6 Nd5 28.
dxc5 bxc5 29. Bxc5 Rh5 30. Bd4+ Kg8 31. Ne4 Rf5 32. Qh3 Qf8 33. Qh8# 1-0

[Event "Late-Titled-Tuesday-Blitz-July-09-2024"]
[Site "Chess.com"]
[Date "2024.07.09"]
[Round "11"]
[White "TheMagician"]
[Black "VirtualCoach"]
[Result "0-1"]
[WhiteElo "2106"]
[BlackElo "2310"]
[TimeControl "180+1"]
[EndTime "16:05:03 PDT"]
[Termination "VirtualCoach won on time"]

1. d4 Nf6 2. c4 e6 3. Nf3 d5 4. Nc3 c6 5. e3 Nbd7 6. a3 Be7 7. Bd3 O-O 8. O-O dxc4 9. Bxc4 b5 10. Bd3 Bb7 11. e4 a6 12. e5 Ne8 13. Ne4 g6 14. Bh6 Ng7 15. b4 Re8 16. Qe2 Nf5 17.
Be3 Nb6 18. Nc5 Rb8 19. Bxf5 exf5 20. e6 f6 21. Bf4 Bd6 22. Bxd6 Qxd6 23. Rfe1 Re7 24.
h4 Rbe8 25. h5 Bc8 26. Nh4 Kg7 27. hxg6 hxg6 28. Qf3 Bxe6 29. Nxa6 Bd5 30. Rxe7+ Rxe7 31. Qc3 Qf4 32. Nf3 Nc4 33. a4 g5 34. axb5 cxb5 35.
Nc5 g4 36. Ne1 Re2 37. Qg3 Qxd4 38. Ra7+ Kg6 39. Nf3 Bxf3 0-1

[Event "Late-Titled-Tuesday-Blitz-July-09-2024"]
[Site "Chess.com"]
[Date "2024.07.09"]
[Round "11"]
[White "K_A_S_T_O_R"]
[Black "Keaton87"]
[Result "1-0"]
[WhiteElo "2849"]
[BlackElo "2673"]
[TimeControl "180+1"]
[EndTime "16:05:04 PDT"]
[Termination "K_A_S_T_O_R won on time"]

1. e4 c5 2. Nf3 e6 3. d4 cxd4 4. Nxd4 Nc6 5. Nb5 d6 6. c4 a6 7. N5c3 Nf6 8. Be2 Be7 9. O-O O-O 10. Na3 b6 11. Be3 Bb7 12. Rc1 Nb8 13. f3 Nbd7 14.
Qd2 Re8 15. Rfd1 Rc8 16. Kh1 Qc7 17. Bf1 Qb8 18. Rc2 Qa8 19. Bf4 Ne5 20. Qf2 Nfd7 21. Rcd2 Bf8 22. Na4 Rc6 23. Be3 Qd8 24. h3 Nc5 25.
Nxc5 bxc5 26. Bxc5 Qb8 27. Ba7 Qa8 28. Bd4 Rec8 29.
b3 Ng6 30. Nc2 a5 31. Bb2 R6c7 32. Nd4 d5 33. exd5 exd5 34. Nb5 Rd7 35. cxd5 Rxd5 36. Rxd5 Bxd5 37. Qd4 Be6 38. Nc3 Ne7 39. Ne4 Nf5 40. Qf2 a4 41. g4 Ne7 42. bxa4 Qxa4 43. Qd4 Qxa2 44. Rd2 Qb1 45. Kg2 Rc2 46. Bd3 1-0

[Event "Late-Titled-Tuesday-Blitz-July-09-2024"]
[Site "Chess.com"]
[Date "2024.07.09"]
[Round "11"]
[White "Cambek64"]
[Black "flaviorcb"]
[Result "1/2-1/2"]
[WhiteElo "2455"]
[BlackElo "2182"]
[TimeControl "180+1"]
[EndTime "16:05:04 PDT"]
[Termination "Game drawn by repetition"]

1. e4 c5 2. Nf3 g6 3. c4 Nc6 4.
d4 cxd4 5. Nxd4 Nf6 6. Nc3 Nxd4 7. Qxd4 d6 8. Be2 Bg7 9. Be3 O-O 10. Qd2 Be6 11. O-O Qa5 12. Rac1 Rfc8 13. b3 a6 14. f3 b5 15. Nd5 Qxd2 16. Bxd2 Nxd5 17. cxd5 Bd7 18.
Rxc8+ Rxc8 19. Rc1 Bd4+ 20. Kf1 Rxc1+ 21. Bxc1 Kf8 22.
Bd3 Ke8 23. Ke2 Kd8 24. b4 Bc3 25. Bd2 Bxd2 26. Kxd2 f6 27. Ke3 g5 28. g3 h6 29. f4 Ke8 30. Kd4 Bg4 31. e5 Kd7 32. h4 gxh4 33. gxh4 f5 34. Bc2 Kc7 35. Kc3 Kb6 36. Bb3 a5 37. a3 a4 38. Bc2 h5 39.
Kd2 Ka6 40. Bd3 Kb6 41. Ke3 Ka6 42. Kd4 Kb6 43. Ke3 Ka6 44. Be2 Bxe2 45. Kxe2 Kb6 46.
Ke3 Kc7 47. Kd3 Kb6 48. Kd4 Kc7 49. Kc3 Kb6 50. Kd3 Kc7 51. Ke3 Kb6 52. e6 Kc7 53. Kd4 Kb6 54. Kd3 Kc7 55. Kd4 Kb6 56. Kd3 Kc7 57.
Kd4 1/2-1/2

[Event "Late-Titled-Tuesday-Blitz-July-09-2024"]
[Site "Chess.com"]
[Date "2024.07.09"]
[Round "11"]
[White "Byniolus"]
[Black "HATilay"]
[Result "0-1"]
[WhiteElo "2781"]
[BlackElo "2592"]
[TimeControl "180+1"]
[EndTime "16:05:07 PDT"]
[Termination "HATilay won by checkmate"]

1. g4 d5 2. Bg2 c6 3. h3 e5 4.
d3 Bd6 5. c4 Ne7 6. Nc3 h5 7.
cxd5 hxg4 8. hxg4 Rxh1 9. Bxh1 Bxg4 10. Qa4 Bd7 11. Qh4 Ng6 12. Qh7 Bf8 13. Nf3 cxd5 14. Nxd5 Bc6 15. Nc3 Na6 16. Be3 Nb4 17. O-O-O Rc8 18.
Kb1 Bd7 19. Rc1 Qa5 20. a3 Rxc3 21. Rxc3 Nd5 22. Bd2 Nxc3+ 23. Bxc3 Qb5 24. Ng5 Bf5 25. Kc2 Qd7 26. Qh2 Nf4 27. Kd2 Nxd3 28. exd3 Qxd3+ 29. Ke1 Qb1+ 30. Ke2 Qc2+ 31. Kf3 Qd1+ 32.
Kg3 Qg4# 0-1

[Event "Late-Titled-Tuesday-Blitz-July-09-2024"]
[Site "Chess.com"]
[Date "2024.07.09"]
[Round "11"]
[White "PNEPaul"]
[Black "lluiss"]
[Result "0-1"]
[WhiteElo "1918"]
[BlackElo "2207"]
[TimeControl "180+1"]
[EndTime "16:05:07 PDT"]
[Termination "lluiss won on time"]

1. e4 c5 2. Nf3 d6 3. d4 cxd4 4. c3 dxc3 5. Nxc3 Nc6 6. Bc4 e6 7. O-O Be7 8. Qe2 a6 9. a3 Bd7 10. Rd1 Nf6 11. Bg5 b5 12. Ba2 h6 13. Bxf6 gxf6 14.
Rac1 Ne5 15. Nd4 Rg8 16. f4 Qb6 17. Kh1 Nc6 18. Nf3 Rc8 19. e5 fxe5 20. fxe5 Nxe5 21. Nxe5 dxe5 22. Qxe5 Bc6 23. Rd2 Qb7 24. Rcc2 Rd8 25. Rxd8+ Bxd8 26. Bxe6 Bxg2+ 27. Kg1 Bd5+ 28. Kf1 Bxe6 29.
Ne4 Be7 30. Rc7 Qb6 31. Rxe7+ Kxe7 32. Qf6+ Ke8 33. Ng3 Qd8 34. Qxh6 Qd1+ 35. Kg2 Bd5+ 36. Kh3 Qd4 0-1

[Event "Late-Titled-Tuesday-Blitz-July-09-2024"]
[Site "Chess.com"]
[Date "2024.07.09"]
[Round "11"]
[White "th3d4rkness"]
[Black "SocoLoco"]
[Result "0-1"]
[WhiteElo "2211"]
[BlackElo "2096"]
[TimeControl "180+1"]
[EndTime "16:05:07 PDT"]
[Termination "SocoLoco won on time"]

1. e4 c5 2. Nc3 Nc6 3. Bb5 Nd4 4. Bc4 e6 5. Nf3 Ne7 6. Nxd4 cxd4 7. Ne2 Nc6 8. d3 Bc5 9. O-O a6 10. a4 b6 11. Kh1 Bb7 12. f4 Qh4 13. Rf3 f5 14.
exf5 exf5 15. Rh3 Qf6 16. Ng3 O-O-O 17. Bd5 h6 18. Nh5 Qe7 19. Bd2 g6 20. Ng3 Qd6 21.
Bf3 Rdg8 22. c3 Qf6 23. c4 a5 24. b4 Bxb4 25. Bxb4 Nxb4 26. Bxb7+ Kxb7 27. Qf3+ Qc6 28. Qf2 Nxd3 29. Qxd4 Nc5 30. Ne2 g5 31. fxg5 Rxg5 32.
Rg3 Rhg8 33. Rf1 Rxg3 34. hxg3 Ne4 35. Rf3 Qxa4 36. Kh2 Qc6 37. Nf4 a4 38. Nd3 a3 39.
Nb4 Qc5 0-1

[Event "Late-Titled-Tuesday-Blitz-July-09-2024"]
[Site "Chess.com"]
[Date "2024.07.09"]
[Round "11"]
[White "Mariia89"]
[Black "Nemsko"]
[Result "1-0"]
[WhiteElo "2234"]
[BlackElo "2282"]
[TimeControl "180+1"]
[EndTime "16:05:12 PDT"]
[Termination "Mariia89 won on time"]

1. d4 Nf6 2. Nf3 e6 3. Bg5 d5 4.
e3 c5 5. c3 Nc6 6. Bd3 c4 7. Bc2 Be7 8. Nbd2 h6 9. Bf4 Nh5 10.
Bg3 Nxg3 11. hxg3 b5 12. e4 dxe4 13. Nxe4 Bb7 14. Qe2 Qd5 15. g4 O-O-O 16. Ned2 Bf6 17.
b3 Na5 18. Be4 Qd7 19. bxc4 bxc4 20. Bxb7+ Qxb7 21. Nxc4 Nxc4 22. Qxc4+ Kd7 23. O-O Rc8 24. Qa4+ Ke7 25. Qa3+ Ke8 26. Rab1 Qc7 27. Rb3 h5 28. g5 Be7 29. Qa4+ Kf8 30. Rfb1 g6 31. Ne5 Bxg5 32. Rb7 Qxc3 33. Rxf7+ Kg8 34. Qxa7 Bh6 35. Rbb7 1-0

[Event "Late-Titled-Tuesday-Blitz-July-09-2024"]
[Site "Chess.com"]
[Date "2024.07.09"]
[Round "11"]
[White "Narek_Ghimoyan"]
[Black "KNVB"]
[Result "1-0"]
[WhiteElo "2541"]
[BlackElo "2653"]
[TimeControl "180+1"]
[EndTime "16:05:14 PDT"]
[Termination "Narek_Ghimoyan won by resignation"]

1. e4 e5 2. Nf3 Nc6 3. Bb5 Qf6 4. Nc3 Bd6 5. O-O Nge7 6. d3 Nd4 7. Bc4 Nxf3+ 8. Qxf3 Qxf3 9. gxf3 c6 10. f4 exf4 11.
d4 f6 12. Re1 Ng6 13. e5 fxe5 14. dxe5 Bxe5 15. Bd3 d6 16. Bxg6+ hxg6 17. Bxf4 Rh5 18. Bxe5 dxe5 19. f4 Kf7 20. fxe5 Bf5 21. Rad1 Rg5+ 22. Kh1 Ke7 23. Ne4 Bxe4+ 24. Rxe4 Rf8 25. Re2 Rff5 26.
e6 Rd5 27. Rf1 Rgf5 28. Rg1 g5 29. h4 Rd4 30. Rh2 g4 31. Rhg2 Rff4 32. Re1 Rf3 33.
c3 Rdf4 34. Rd2 Rf1+ 35. Rxf1 Rxf1+ 36. Kg2 Ra1 37. Rd7+ Kxe6 38. Rxg7 Rxa2 39. Rxb7 Kf5 40. Kg3 Ra1 41. Rf7+ Kg6 42. Rf4 Rg1+ 43. Kf2 Rb1 44. Rxg4+ Kh5 45. Rb4 c5 46. Rb7 Kxh4 47. Ke3 Kg5 48.
Kd3 Kf5 49. Kc4 a5 50. Kxc5 a4 51. Rb4 Ke6 52. Kb5 Ra1 53. Rxa4 Rb1 54. b4 Kd6 55. c4 Kc7 56. Ra6 Rg1 57. Rh6 Rg5+ 58. c5 Kb7 59. Rh7+ Kb8 60. Kb6 Rg8 61. c6 Kc8 62. Ra7 Kb8 63.
c7+ Kc8 64. Ra8+ Kd7 65. Rxg8 1-0

[Event "Late-Titled-Tuesday-Blitz-July-09-2024"]
[Site "Chess.com"]
[Date "2024.07.09"]
[Round "11"]
[White "norwaytoadog"]
[Black "FollowRivers"]
[Result "0-1"]
[WhiteElo "2358"]
[BlackElo "2508"]
[TimeControl "180+1"]
[EndTime "16:05:14 PDT"]
[Termination "FollowRivers won on time"]

1. e4 c5 2. Nf3 d6 3. Bb5+ Bd7 4. Bxd7+ Qxd7 5. O-O Nf6 6. Qe2 e6 7. Rd1 Qc6 8. Nc3 a6 9. a4 Be7 10. d4 cxd4 11.
Nxd4 Qc7 12. Be3 Nbd7 13. f4 O-O 14. Qf3 Nc5 15. Rd2 Rfe8 16. g4 d5 17. e5 Nfe4 18. Nxe4 Nxe4 19. Rg2 Bc5 20. c3 b5 21. b4 Bf8 22. Ne2 Nxc3 23. Ng3 Nxa4 24. Rf1 Bxb4 25. Nh5 Bc5 26. Bxc5 Qxc5+ 27. Kh1 Qc3 28. Qe2 Rac8 29.
g5 Qc4 30. Nf6+ gxf6 31. gxf6+ Kh8 32. Qh5 Qxf1+ 33. Rg1 Qxf4 34. Qxf7 Qf3+ 0-1

[Event "Late-Titled-Tuesday-Blitz-July-09-2024"]
[Site "Chess.com"]
[Date "2024.07.09"]
[Round "11"]
[White "vellottiwizard"]
[Black "ChessLover0108"]
[Result "1-0"]
[WhiteElo "2796"]
[BlackElo "2952"]
[TimeControl "180+1"]
[EndTime "16:05:15 PDT"]
[Termination "vellottiwizard won by checkmate"]

1. e4 c5 2. Nf3 d6 3. d4 cxd4 4. Nxd4 Nf6 5. Nc3 a6 6. Be3 e5 7.
Nb3 Be6 8. f4 exf4 9. Bxf4 Nc6 10.
Qe2 Be7 11. h3 Ne5 12. O-O-O Nfd7 13. Qe3 O-O 14. g4 Rc8 15. Kb1 Re8 16. g5 b5 17.
h4 Qc7 18. Nd4 Nb6 19. h5 b4 20. Nce2 Nec4 21. Nxe6 Na3+ 22. Ka1 Qxc2 23. Qb3 Qxe4 24. bxa3 Qxh1 25. h6 fxe6 26. Qxe6+ Kh8 27. hxg7+ Kxg7 28.
Ng3 Qf3 29. Nf5+ Kf8 30. Qh6+ Kf7 31. Qxh7+ Ke6 32. Qg6+ Kd7 33. Rxd6+ Kc7 34. Rc6+ Kb7 35. Rxb6+ Ka7 36. Rxa6+ Kb7 37. Qb6# 1-0

[Event "Late-Titled-Tuesday-Blitz-July-09-2024"]
[Site "Chess.com"]
[Date "2024.07.09"]
[Round "11"]
[White "Maluco_do_Natal_00"]
[Black "nitpicker"]
[Result "1-0"]
[WhiteElo "2030"]
[BlackElo "2271"]
[TimeControl "180+1"]
[EndTime "16:05:15 PDT"]
[Termination "Maluco_do_Natal_00 won on time"]

1. e4 c5 2. Nf3 Nc6 3. d4 cxd4 4.
Nxd4 Nf6 5. Nc3 d6 6. Be2 e6 7. Be3 a6 8. O-O Qc7 9. a4 b6 10. f4 Bb7 11. Bf3 Be7 12. Qd2 O-O 13. Qf2 Nd7 14.
Rad1 Rac8 15. f5 Nxd4 16. Bxd4 e5 17. Be3 Rfd8 18. Rd2 Bc6 19. Bg4 b5 20. f6 Bxf6 21. Bxd7 Qxd7 22. axb5 axb5 23. Nd5 Bxd5 24. Rxd5 Qc6 25.
Qg3 Kh8 26. c3 Qc4 27. Rxf6 gxf6 28. Qh4 Kg7 29. Bh6+ Kg6 30. Be3 h5 31. Qg3+ Kh7 32. Qf3 Rg8 33. Qxh5+ 1-0

[Event "Late-Titled-Tuesday-Blitz-July-09-2024"]
[Site "Chess.com"]
[Date "2024.07.09"]
[Round "11"]
[White "MatthewG-p4p"]
[Black "Hattori-Hanzo78"]
[Result "1-0"]
[WhiteElo "2897"]
[BlackElo "2594"]
[TimeControl "180+1"]
[EndTime "16:05:16 PDT"]
[Termination "MatthewG-p4p won by resignation"]

1. f4 Nf6 2. Nf3 g6 3. g3 Bg7 4. Bg2 O-O 5. O-O d5 6. d3 c5 7.
Nc3 Nc6 8. e4 Bg4 9. h3 Bxf3 10. Qxf3 Nd4 11. Qf2 e6 12. g4 dxe4 13. dxe4 b5 14. e5 Nd5 15. Ne4 Qc7 16. c3 Nc6 17.
Qxc5 Rfd8 18. Qxb5 Rab8 19. Qe2 Na5 20. Nd6 Bf8 21. f5 Bxd6 22. exd6 Qxd6 23. fxe6 fxe6 24. Bg5 Rf8 25. Rae1 Rxf1+ 26. Rxf1 Rf8 27. Re1 Re8 28. Qe5 Qb6+ 29. Kh1 Nc4 30. Qe2 Qc5 31. b4 Qc6 32. Qd3 Ncb6 33. c4 Nxb4 34. Bxc6 Nxd3 35. Bxe8 Nxe1 36.
c5 Nd5 37. c6 Nd3 38. Bd8 Kf8 39. Bd7 Nc5 40. Kg2 Kf7 41. Kf3 h5 42. Bc8 hxg4+ 43. hxg4 Nb4 44. c7 Nd5 45. Bxe6+ Nxe6 46. c8=Q Nd4+ 47. Ke4 Nb6 48. Bxb6 Ne6 49. Qd7+ Kf6 50.
Bd4+ Kg5 51. Qxe6 Kh4 1-0

[Event "Late-Titled-Tuesday-Blitz-July-09-2024"]
[Site "Chess.com"]
[Date "2024.07.09"]
[Round "11"]
[White "cthulhuuu"]
[Black "Alexander_Khlebovich"]
[Result "0-1"]
[WhiteElo "2473"]
[BlackElo "2766"]
[TimeControl "180+1"]
[EndTime "16:05:16 PDT"]
[Termination "Alexander_Khlebovich won on time"]

1. e4 c5 2. Nf3 d6 3. g3 Nf6 4. d3 b5 5. a4 bxa4 6. Bg2 Bb7 7. O-O Nbd7 8. Rxa4 Nb6 9. Ra1 e5 10. Nc3 Be7 11.
Nd2 O-O 12. Nc4 Re8 13. Ne3 d5 14. exd5 Nfxd5 15. Ncxd5 Nxd5 16. Nc4 Qc7 17. Na5 e4 18. Bxe4 Bf6 19. Nxb7 Qxb7 20. Qf3 Rxe4 21. Qxe4 Qd7 22.
Re1 h5 23. c3 h4 24. Be3 Rc8 25. g4 h3 26. Qf5 Qc6 27. g5 Nxe3 28. Qxh3 Nc2 29.
gxf6 Nxa1 30. Rxa1 Rd8 31. Rxa7 Qxf6 32. Rc7 Qg5+ 33.
Qg2 Qf5 34. Qe4 Qg5+ 35. Kf1 g6 0-1

[Event "Late-Titled-Tuesday-Blitz-July-09-2024"]
[Site "Chess.com"]
[Date "2024.07.09"]
[Round "11"]
[White "AlphaPerseii"]
[Black "1g60-1"]
[Result "0-1"]
[WhiteElo "2390"]
[BlackElo "2479"]
[TimeControl "180+1"]
[EndTime "16:05:16 PDT"]
[Termination "1g60-1 won by resignation"]

1. Nf3 f5 2. d4 Nf6 3. c4 e6 4. Nc3 Be7 5. g3 d6 6. Bg2 O-O 7. O-O Ne4 8. Nd2 Nxc3 9. bxc3 e5 10. Qb3 e4 11. c5+ d5 12. c4 c6 13. cxd5 cxd5 14. Nb1 Nc6 15. Rd1 Bf6 16. Be3 Na5 17. Qc2 Nc4 18. Nc3 Nxe3 19. fxe3 Bg5 20. Kf2 Be6 21.
Rab1 Rb8 22. Qa4 a6 23. Rb6 Bd7 24. Qb3 Bc6 25. Rb1 Kh8 26. a4 h5 27. h4 Bh6 28.
Rh1 g5 29. hxg5 Qxg5 30. Nd1 Rg8 31. Rh3 Rbf8 32. Ke1 h4 33. Rxh4 Qxg3+ 34. Kd2 Qxh4 35. Bf1 Qh1 36. Rxc6 bxc6 37. Qb7 Qxf1 38. Qxc6 Qh3 39. Qxd5 Qh4 40. c6 Qf6 41. Nc3 Rc8 42. Qd7 Rgd8 43. Nd5 Qxd4+ 0-1

[Event "Late-Titled-Tuesday-Blitz-July-09-2024"]
[Site "Chess.com"]
[Date "2024.07.09"]
[Round "11"]
[White "Boorchess"]
[Black "Millerkallpa"]
[Result "1/2-1/2"]
[WhiteElo "2484"]
[BlackElo "2258"]
[TimeControl "180+1"]
[EndTime "16:05:17 PDT"]
[Termination "Game drawn - insufficient material"]

1. d4 d5 2. c4 c6 3. cxd5 cxd5 4.
Nc3 e5 5. dxe5 d4 6. Nb1 Nc6 7. Nf3 Bg4 8. Nbd2 Bb4 9. a3 Bxd2+ 10. Bxd2 Bxf3 11. exf3 Nxe5 12. Bb5+ Nc6 13. O-O Ne7 14.
Bxc6+ bxc6 15. Bb4 O-O 16. Bxe7 Qxe7 17. Qxd4 Qb7 18.
Rfc1 Rad8 19. Qc3 Qb6 20. b4 a5 21. Qxc6 Rd1+ 22. Rxd1 Qxc6 23. bxa5 Qb5 24. a4 Qxa5 25. g3 h6 26. Kg2 Rb8 27. Rd4 Rb2 28. Rf1 Ra2 29.
h4 Qc3 30. Rf4 g5 31. hxg5 hxg5 32. Rf5 f6 33. a5 Kg7 34. g4 Ra4 35. Rd1 Qc2 36. Rf1 Kg6 37. Kg3 Qc7+ 38. Kg2 Ra2 39. Re1 Qa7 40. Rf1 Qh7 41. Re1 Qh4 42. Rf1 Rb2 43.
Rd5 Qh7 44. Rf5 Rb8 45. Rh1 Qc7 46. Re1 Rh8 47. Rh1 Re8 48. Rf1 Re2 49. Kg1 Qh7 50. Kg2 Ra2 51. Rd5 Qa7 52. Rf5 Rxa5 53. Rxa5 Qxa5 54.
Rd1 Qe5 55. Rc1 Qf4 56. Re1 f5 57. gxf5+ Kxf5 58. Re4 Qd6 59. Rg4 Qd2 60. Re4 Qd1 61. Rg4 Qe2 62. Re4 Qd1 63. Rg4 Qc2 64. Re4 Qc8 65.
Rg4 Qh8 66. Re4 Qh5 67. Rg4 Qxg4+ 68. fxg4+ Kxg4 69. f3+ Kf4 70. Kf2 g4 71. fxg4 Kxg4 1/2-1/2

[Event "Late-Titled-Tuesday-Blitz-July-09-2024"]
[Site "Chess.com"]
[Date "2024.07.09"]
[Round "11"]
[White "annasargsyan_m"]
[Black "bancsoo"]
[Result "1-0"]
[WhiteElo "2706"]
[BlackElo "2843"]
[TimeControl "180+1"]
[EndTime "16:05:18 PDT"]
[Termination "annasargsyan_m won by resignation"]

1. e4 d6 2. d4 e5 3. Nf3 exd4 4. Nxd4 Nf6 5. Nc3 Be7 6. h3 O-O 7. Be3 d5 8. e5 Ne8 9. Nb3 c6 10. Qd2 a5 11. a4 Bb4 12. O-O-O Nd7 13. f4 Nb6 14.
Qd4 Bxc3 15. Qxb6 Qxb6 16. Bxb6 Bb4 17. c3 Be7 18. Nxa5 f6 19. b4 fxe5 20. fxe5 g6 21. Bd3 Ng7 22. Rhf1 Re8 23. Kb2 Ne6 24. Bc2 d4 25.
Bxd4 Nxd4 26. Rxd4 c5 27. Rdf4 cxb4 28. cxb4 Bxb4 29.
Bb3+ Kh8 30. Nc4 Be6 31. Nd6 Bxd6 32. exd6 Bxb3 33. Kxb3 Re3+ 34. Kb4 Rd3 35. Rf8+ Rxf8 36. Rxf8+ Kg7 37. Rd8 Kf6 38. Rd7 h5 39. a5 Kg5 40. Rxb7 Rxd6 41. Rb6 Rd2 42. a6 Rxg2 43. a7 Ra2 44. Rb5+ Kh4 45. Ra5 1-0

[Event "Late-Titled-Tuesday-Blitz-July-09-2024"]
[Site "Chess.com"]
[Date "2024.07.09"]
[Round "11"]
[White "Zq1"]
[Black "grzechu96"]
[Result "0-1"]
[WhiteElo "2583"]
[BlackElo "2807"]
[TimeControl "180+1"]
[EndTime "16:05:19 PDT"]
[Termination "grzechu96 won on time"]

1. d4 d5 2. c4 e6 3. Nc3 c6 4. e3 Nf6 5. Nf3 Nbd7 6. Qc2 Bd6 7. b3 O-O 8. Be2 b6 9. O-O Bb7 10. Bb2 Qe7 11. Rad1 Rad8 12. Rfe1 Rfe8 13. Bf1 e5 14. cxd5 e4 15. Nxe4 Qxe4 16. Bd3 Qxd5 17. e4 Qh5 18. e5 Bb4 19. Re2 Nd5 20. Re4 Be7 21. g4 Qh3 22.
Bf1 Qxf3 23. Bg2 Nb4 24. Qb1 Qxd1+ 25. Qxd1 c5 26. a3 Bxe4 27. Bxe4 Na6 28. d5 Bg5 29. e6 fxe6 30. dxe6 Nf6 31. Qe2 Nxe4 32. Qxe4 Bf6 33.
Bxf6 gxf6 34. g5 fxg5 35. e7 Rd7 36. Qc4+ Kg7 37. Qxa6 Rdxe7 0-1

[Event "Late-Titled-Tuesday-Blitz-July-09-2024"]
[Site "Chess.com"]
[Date "2024.07.09"]
[Round "11"]
[White "mortngabriel"]
[Black "Noki102"]
[Result "0-1"]
[WhiteElo "2462"]
[BlackElo "2556"]
[TimeControl "180+1"]
[EndTime "16:05:20 PDT"]
[Termination "Noki102 won on time"]

1. e4 b6 2. d4 Bb7 3. Bd3 f5 4. exf5 Bxg2 5. Qh5+ g6 6. fxg6 Bg7 7. gxh7+ Kf8 8. Ne2 Nf6 9. Qh4 Bxh1 10. Nf4 Kf7 11. Bg6+ Kf8 12. Bf5 e6 13. Ng6+ Kf7 14. Ne5+ Ke8 15.
Bh6 Bxh6 16. Qxh6 exf5 17. Qg7 Rxh7 18. Qg6+ Ke7 19. Nc3 Qg8 20. Qxf5 Qe6 21. Qg6 Nc6 22. O-O-O Nxe5 23. dxe5 Rf7 24. exf6+ Rxf6 25. Qg7+ Qf7 26. Qg5 Bc6 27. Qe5+ Re6 28. Qxc7 Re8 29. Qxa7 Kf8 30.
Qxb6 Qf4+ 31. Kb1 Re1 32. Qc5+ Kg7 33. b3 Rxd1+ 34. Nxd1 Qf6 35. Ne3 Re5 36. Qd4 Rg5 37. Qh4 Rg1+ 0-1

[Event "Late-Titled-Tuesday-Blitz-July-09-2024"]
[Site "Chess.com"]
[Date "2024.07.09"]
[Round "11"]
[White "swayamsm"]
[Black "andrejljepic"]
[Result "1-0"]
[WhiteElo "2623"]
[BlackElo "2494"]
[TimeControl "180+1"]
[EndTime "16:05:22 PDT"]
[Termination "swayamsm won on time"]

1. e4 c6 2. c4 d6 3. Nc3 g6 4. Nf3 Bg7 5. d4 Nf6 6. Be2 O-O 7. O-O Nbd7 8. Re1 e5 9. h3 Qc7 10. Bf1 Nh5 11. Be3 Nf4 12. g3 Ne6 13. d5 Nd8 14. Rc1 c5 15. Nb5 Qb8 16. a3 a6 17.
Nc3 f6 18. b4 b6 19. Rb1 Qc7 20. bxc5 dxc5 21. d6 Qa7 22. Nd5 Rb8 23. a4 Ne6 24. Ne7+ Kh8 25. Nc6 Qa8 26. Nxb8 Qxb8 27. a5 Qa7 28. axb6 Nxb6 29. Qb3 Nd7 30. Red1 Nd4 31. Bxd4 exd4 32. Bg2 a5 33. Ra1 Qa6 34. Rdb1 Qxd6 35. Rxa5 Ne5 36. Nxe5 fxe5 37. Qb6 Qxb6 38. Rxb6 Bh6 39.
Rxc5 d3 40. Rb8 d2 41. Rd5 Kg7 42. c5 Be6 43. Rb7+ Kf6 44. Rd6 Ra8 45. Bf3 Ra1+ 46. Kg2 Bf8 47. Rxd2 Bxc5 48. Rxh7 Bc4 49. Be2 Be6 50.
Rc2 Bd4 51. h4 Rb1 52. Rc6 Rb2 53.
Bc4 Rxf2+ 54. Kh1 Rf1+ 55. Bxf1 1-0

[Event "Late-Titled-Tuesday-Blitz-July-09-2024"]
[Site "Chess.com"]
[Date "2024.07.09"]
[Round "11"]
[White "Antek_Radzimski"]
[Black "SRob2003"]
[Result "1-0"]
[WhiteElo "2581"]
[BlackElo "2704"]
[TimeControl "180+1"]
[EndTime "16:05:27 PDT"]
[Termination "Antek_Radzimski won on time"]

1. e4 c6 2. Nf3 d5 3. exd5 cxd5 4. Ne5 g6 5. d4 Bg7 6. Bd3 Nf6 7. c3 O-O 8. O-O Nc6 9. Qe2 Nxe5 10. dxe5 Nd7 11.
Bf4 Kh8 12. Nd2 Nc5 13. Nf3 Nxd3 14. Qxd3 Bf5 15. Qd4 Bg4 16. Nd2 Qd7 17. Nb3 b6 18. f3 Bf5 19. Rad1 Rfd8 20. Qf2 Qa4 21. Nd4 Qxa2 22.
Nxf5 gxf5 23. Qh4 Qa4 24. Rd4 Qd7 25. Rfd1 Qe6 26. Bg5 Bxe5 27. Bxe7 Re8 28. Bg5 f6 29. Be3 Bxd4 30. Bxd4 Rf8 31. Re1 Qf7 32. h3 Rae8 33. Rxe8 Qxe8 34. Bxf6+ Kg8 35. Bd4 Qg6 36. Qe7 Qf7 37. Qe5 Qg6 38. Qxd5+ Qf7 39. Qe5 Qg6 40.
Qh8+ Kf7 41. Qe5 Re8 42. Qc7+ Re7 43. Qc4+ Qe6 44. Qd3 Kg6 45. f4 Qe2 46. Qg3+ Kf7 47. Qg7+ Ke8 48. Qg8+ Kd7 49. Qd5+ Ke8 50. Qxf5 Qe6 51.
Qh5+ Qg6 52. Qf3 1-0

[Event "Late-Titled-Tuesday-Blitz-July-09-2024"]
[Site "Chess.com"]
[Date "2024.07.09"]
[Round "11"]
[White "Snowball-03"]
[Black "Beaterawn"]
[Result "1-0"]
[WhiteElo "2607"]
[BlackElo "2452"]
[TimeControl "180+1"]
[EndTime "16:05:28 PDT"]
[Termination "Snowball-03 won on time"]

1. e4 c5 2. Nf3 e6 3. d4 cxd4 4. Nxd4 a6 5. Nc3 Qc7 6. Be3 Nf6 7. f3 Bb4 8. Qd3 d5 9. exd5 Nxd5 10. Bd2 Nxc3 11.
bxc3 Bd6 12. g3 O-O 13. Kf2 e5 14. Nb3 Nc6 15. Kg2 Be6 16. Rd1 Rfd8 17. Qe3 Ne7 18. Be2 Rac8 19. c4 Bxc4 20. Ba5 Qc6 21. Bxc4 Qxc4 22.
Bxd8 Rxd8 23. Rd2 Nc6 24. Rhd1 Be7 25. Rxd8+ Bxd8 26. Qd3 Qxd3 27. Rxd3 Bb6 28. Rd7 Nd8 29. Nd2 Ne6 30. Rxb7 Bd4 31. Rb8+ Nf8 32. Ne4 g6 33. c3 Be3 34. Ra8 Kg7 35. Rxa6 Ne6 36. Rc6 Nd8 37.
Rc8 Ne6 38. a4 f5 39. Nd6 Bc5 40. Nc4 e4 41. fxe4 fxe4 42. a5 e3 43. Kf3 Ng5+ 44. Ke2 Ne4 45. Nxe3 Nxc3+ 46. Kd3 1-0

[Event "Late-Titled-Tuesday-Blitz-July-09-2024"]
[Site "Chess.com"]
[Date "2024.07.09"]
[Round "11"]
[White "Nicolik"]
[Black "rasmussvane"]
[Result "1/2-1/2"]
[WhiteElo "2738"]
[BlackElo "2910"]
[TimeControl "180+1"]
[EndTime "16:05:29 PDT"]
[Termination "Game drawn by repetition"]

1. d4 d5 2. c4 e6 3. Nc3 a6 4.
cxd5 exd5 5. Nf3 Nf6 6. Bf4 Bd6 7. Bxd6 Qxd6 8. e3 O-O 9. Be2 Bg4 10. Ne5 Bxe2 11. Qxe2 c5 12. O-O Re8 13. Qf3 cxd4 14. exd4 Nc6 15. Nxc6 bxc6 16. Rfe1 Qb4 17. Qd3 Qxb2 18.
Reb1 Qa3 19. Rb3 Qa5 20. g3 h6 21. Rab1 Re6 22. Rb8+ Rxb8 23. Rxb8+ Re8 24. Rb7 Qa3 25. Qc2 c5 26. Rb3 Qa5 27. dxc5 Qxc5 28. Qd3 d4 29. Ne2 Qd5 30. f3 Rd8 31. Kf2 a5 32. a4 Qh5 33.
h4 Qe5 34. Rb5 Qe6 35. Nxd4 Qh3 36. Ne6 Qh2+ 37. Kf1 Rxd3 38. Rb8+ Kh7 39. Nf8+ Kg8 40. Ng6+ Kh7 41. Nf8+ Kg8 42. Ng6+ Ne8 43. Rxe8+ Kh7 44.
Nf8+ Kg8 45. Ng6+ Kh7 46. Nf8+ Kg8 47. Ng6+ 1/2-1/2